 Dungeon Crawl Stone Soup version 0.25-a0-860-gf695395 (webtiles) character file.

Game seed: 17067931458151615085, levelgen mode: deterministic

249549 Darkshadow the Warrior (level 19, -1/187 HPs)
             Began as a Minotaur Fighter on Apr 27, 2020.
             Was a High Priest of Trog.
             Slain by a naga
             ... wielding a +0 long sword
              (3 damage)
             ... on level 4 of the Snake Pit.
             The game lasted 02:31:51 (30426 turns).

Darkshadow the Warrior (Minotaur Fighter)          Turns: 30426, Time: 02:31:51

Health: -1/187     AC: 32    Str: 20    XL:     19   Next: 28%
Magic:  0/24       EV:  6    Int:  5    God:    Trog [*****.]
Gold:   2743       SH: 15    Dex: 14    Spells: 18/18 levels left

rFire    x . .     SeeInvis .   J - +1 demon trident (vamp) {!w}
rCold    + + .     Gourm    .   K - +0 kite shield
rNeg     + + .     Faith    .   Y - +1 crystal plate armour
rPois    +         Spirit   +   (helmet restricted)
rElec    +         Reflect  .   n - scarf {Spirit}
rCorr    .         Harm     .   S - +0 pair of gloves
MR       +++..                  y - +2 pair of boots of Gravitas {+Inv}
Stlth    ..........             I - amulet "Tul Guil" {Spirit rC+}
HPRegen  1.41/turn              W - ring "Elohol" {Wiz rElec rN+ Str-5 Stlth+}
MPRegen  0.19/turn              z - ring of Nuh Xiag {Ice rPois rN+}

@: lethally poisoned (-1 -> -17), berserk cooldown, starving, regenerating,
constricted
A: retaliatory headbutt, horns 2
}: 1/15 runes: decaying
a: Berserk, Trog's Hand, Brothers in Arms, Renounce Religion, Evoke Invisibility


You were on level 4 of the Snake Pit.
You worshipped Trog.
Trog was extremely pleased with you.
You were starving.

You visited 6 branches of the dungeon, and saw 32 of its levels.
You also visited: Gauntlet.

You collected 2848 gold pieces.
You spent 105 gold pieces at shops.

Inventory:

Hand Weapons
 e - a +4 trident of flaming
   (Trog gifted it to you on level 1 of the Orcish Mines)
 i - a +1 demon trident of freezing
   (You took it off Louise on level 4 of the Snake Pit)
 F - the +9 hand axe of Pipsiask {flame, MR- Int+4}
   (Trog gifted it to you on level 4 of the Swamp)

   It has been specially enchanted to burn those struck by it, causing extra
   injury to most foes and up to half again as much damage against particularly
   susceptible opponents.
   Big, fiery blades are also staple armaments of hydra-hunters.
   It affects your intelligence (+4).
   It affects your resistance to hostile enchantments.
 J - a +1 vampiric demon trident (weapon) {!w}
   (You found it on level 8 of the Dungeon)
Missiles
 E - 16 javelins (quivered)
Armour
 n - a scarf of spirit shield (worn)
   (You found it on level 12 of the Dungeon)
 y - the +2 pair of boots of Gravitas (worn) {+Inv}
   (You found it on level 5 of the Dungeon)

   It lets you turn invisible.
 A - a +0 tower shield
   (You found it on level 1 of the Snake Pit)
 D - the +0 hat "Dirhoof" {*Slow +Fly rF+++ Slay+4}
   (You found it in a Gauntlet)

   It affects your accuracy and damage with ranged weapons and melee attacks
   (+4).
   It renders you almost immune to fire.
   It lets you fly.
   It may slow you when you take damage.
 K - a +0 kite shield (worn)
 S - a +0 pair of gloves (worn)
   (You found it on level 4 of the Lair of Beasts)
 Y - a +1 crystal plate armour (worn)
   (You found it on level 1 of the Swamp)
Jewellery
 g - a +2 ring of slaying
   (You found it on level 14 of the Dungeon)
 l - an uncursed ring of protection from magic
   (You found it in a Gauntlet)
 o - an uncursed ring of protection from cold
   (You found it in a Gauntlet)
 z - the ring of Nuh Xiag (right hand) {Ice rPois rN+}
   (You found it on level 12 of the Dungeon)

   [ring of ice]

   It enhances your ice magic.
   It makes you vulnerable to fire.
   It protects you from cold.
   It protects you from poison.
   It protects you from negative energy.
 I - the amulet "Tul Guil" (around neck) {Spirit rC+}
   (You found it on level 12 of the Dungeon)

   [amulet of guardian spirit]

   It causes incoming damage to be split between your health and magic.
   It protects you from cold.
 W - the ring "Elohol" (left hand) {Wiz rElec rN+ Str-5 Stlth+}
   (You found it on level 6 of the Lair of Beasts)

   [ring of wizardry]

   It improves your spell success rate.
   It affects your strength (-5).
   It insulates you from electricity.
   It protects you from negative energy.
   It makes you more stealthy.
Wands
 a - a wand of clouds (5)
   (You found it on level 12 of the Dungeon)
 c - a wand of disintegration (18)
   (You found it on level 8 of the Dungeon)
 d - a wand of iceblast (24)
   (You found it on level 7 of the Dungeon)
 v - a wand of digging (14)
   (You found it on level 13 of the Dungeon)
 x - a wand of acid (19)
   (You found it on level 1 of the Swamp)
 Q - a wand of enslavement (16)
   (You found it on level 3 of the Lair of Beasts)
Scrolls
 b - 13 scrolls of remove curse {@r2}
 k - 11 scrolls of teleportation {@r4}
 m - 4 scrolls of enchant weapon
 q - 8 scrolls of identify {@r1}
 s - 5 scrolls of magic mapping
 w - a scroll of fog
 B - 5 scrolls of immolation {!r}
 L - 2 scrolls of silence
 P - 3 scrolls of summoning
 R - a scroll of vulnerability {!r}
 X - 3 scrolls of blinking
Potions
 f - 7 potions of curing {@q1}
 h - a potion of ambrosia {unknown}
 j - a potion of cancellation
 p - 2 potions of heal wounds {@q2}
 r - 7 potions of stabbing
 u - 5 potions of lignification {!q}
 C - 2 potions of brilliance
 G - 2 potions of haste {@q3}
 H - 3 potions of might
 M - 5 potions of invisibility
 N - 3 potions of resistance
 O - 3 potions of flight
Miscellaneous
 V - a phantom mirror
Comestibles
 t - 50 rations {!d}
 T - a chunk of flesh


   Skills:
 + Level 20.4 Fighting
 - Level 10.2(13.8) Axes
 - Level 15.1(16.1) Polearms
 + Level 17.9 Armour
 - Level 10.0 Dodging
 * Level 17.0 Shields
 - Level 8.1 Evocations


You had 18 spell levels left.
You didn't know any spells.
Your spell library contained the following spells:

 Spells                   Type           Power        Failure   Level  Hunger
 Foxfire                  Conj/Fire      #...         99%         1    ##.....
 Corpse Rot               Necr/Air       N/A          100%        2    ###....
 Stone Arrow              Conj/Erth      #.....       100%        3    ####...
 Airstrike                Air            #.........   100%        4    #####..


Dungeon Overview and Level Annotations

Branches:
Dungeon (15/15)            Temple (1/1) D:5            Lair (6/6) D:9
  Swamp (4/4) Lair:2        Snake (4/4) Lair:3        Slime (0/5) Lair:5
    Orc (2/2) D:10         Vaults (0/5) D:13         Depths (0/5) D:15
Gauntlet (visited)
    Elf: Orc:2

Altars:
Ashenzari
Cheibriados
Dithmenos
Elyvilon
Fedhas
Gozag
Hepliaklqana
Kikubaaqudgha
Makhleb
Nemelex Xobeh
Okawaru
Qazlal
Ru
Sif Muna
Trog
Uskayaw
Vehumet
Wu Jian
Xom
Yredelemnul
Zin
The Shining One

Shops:
D:11 ?   D:13 }   D:15 :   Orc:1 *   Snake:4 (

Annotations:
D:1 exclusion: downstairs
D:6 1 runed translucent door, Crazy Yiuf
D:12 2 transporters, Didditsa's ghost, journeyman DrIE
Lair:1 1 runed translucent door, exclusion: downstairs, lightray's ghost, journeyman TrMo
Swamp:2 1 runed translucent door, Ukamis's ghost, journeyman DsVM


Innate Abilities, Weirdness & Mutations

You reflexively headbutt those who attack you in melee.
You have a pair of horns on your head.


Message History

You feel very sick. The nagaraja spits poison at you.
The splash of poison hits you but does no damage.
You are more poisoned.
You resist.
The guardian serpent coils itself and performs some mystic snake dance.
The naga blinks! x2; The naga hits you with a +0 long sword.
* * * LOW HITPOINT WARNING * * *
The naga grabs you.
* * * LOW HITPOINT WARNING * * *
The naga constricts you.
Things that are here:
a guardian serpent corpse; a sea snake corpse x2
A stone wall.
You impale the nagaraja!!
You are no longer berserk.
You are exhausted.
You feel yourself slow down.
* * * LOW HITPOINT WARNING * * *
You feel sick. The nagaraja hits you!
* * * LOW HITPOINT WARNING * * *
Okay, then.
Here: a naga, wielding a +3 flail of protection (catching its breath)
A sea snake corpse.
The floor, spattered with blood.
You feel much better.
You feel very sick.
The guardian serpent hits you but does no damage.
You block the nagaraja's attack. The naga spits poison at you.
The splash of poison hits you but does no damage.
You are more poisoned.
You resist.
The guardian serpent hits you but does no damage.
You block the naga's attack. The naga constricts you. The nagaraja hits you.
* * * LOW HITPOINT WARNING * * *
The guardian serpent casts a spell.
Your magical effects are unravelling.
You feel magically purged.
You feel yourself speed up.
You feel extremely sick. The nagaraja casts a spell at you.
The lance of force hits you!!
* * * LOW HITPOINT WARNING * * *
You are knocked back by the lance of force.
You collide with the naga!
* * * LOW HITPOINT WARNING * * *
You block the guardian serpent's attack.
You block the naga's attack.
You die...

.## .... ≈≈≈.. ≈≈≈.≈## ###
≈≈≈.≈≈≈############ ##.#
≈≈≈.≈≈..N##.......#####...
≈≈...§..S@##..............
≈≈.≈≈≈###NN#.............. ...≈≈
#§N#.)............ #####≈≈≈≈
##..#.............. ##≈≈≈##≈≈
##..##.............# ##.≈≈≈.##
####..##....##'###....#
#.......###.##..#.....#....#....#
...........#....#.....#....#(...#
.......(.#.....##....##..)((#...#


You could see a nagaraja, a guardian serpent, a naga mage and 2 nagas.

Vanquished Creatures
  A thorn hunter (Swamp:4)
  5 nagarajas
  Louise (Snake:4)
  Aizul (Snake:1)
  An orc warlord (D:10)
  An ironheart preserver (D:13)
  A minotaur (Gauntlet)
  A dire elephant (Gauntlet)
  A fire dragon (D:12)
  15 naga warriors
  Erolcha (D:12)
  2 ghost crabs (Swamp:4)
  A quicksilver dragon skeleton (D:15)
  22 hydras
  6 centaur warriors
  A catoblepas (Lair:5)
  A death knight (D:14)
  4 shambling mangroves
  6 anacondas
  13 alligators
  8 two-headed ogres
  5 death yaks
  2 tengu warriors
  14 shock serpents
  8 naga sharpshooters
  A fire crab (shapeshifter) (D:15)
  5 sea snakes (Snake:4)
  3 unseen horrors
  A glowing orange brain (D:13)
  A flayed ghost (D:15)
  A spriggan druid (Swamp:4)
  11 skeletal warriors
  Pikel (D:7)
  4 lindwurms
  10 swamp dragons
  A phantasmal warrior (D:14)
  A shadow dragon zombie (D:15)
  A wizard (D:15)
  A necromancer (D:15)
  5 naga ritualists
  5 mana vipers
  3 deep elf magi
  A wolf spider (Lair:6)
  11 ugly things
  A manticore (D:14)
  6 elephants
  4 oklob plants (Lair:3)
  10 salamanders
  5 cyclopes
  5 guardian serpents
  4 centaur zombies
  21 black mambas
  18 naga magi
  Joseph (D:8)
  A gargoyle (D:15)
  20 spiny frogs
  2 centaur skeletons (D:13)
  Psyche (D:8)
  3 rime drakes
  7 komodo dragons
  An efreet (D:15)
  A yaktaur skeleton (D:15)
  7 trolls
  A tengu conjurer (D:15)
  5 tyrant leeches
  A queen bee (shapeshifter) (D:14)
  A wolf spider simulacrum (D:15)
  13 hornets
  23 slime creatures
  4 polar bears
  10 blink frogs
  3 meliai (D:15)
  4 dream sheep (Lair:6)
  Grinder (D:6)
  5 bog bodies
  15 hippogriffs
  An ice dragon zombie (D:15)
  8 spriggans
  5 wraiths
  4 redbacks (Lair:6)
  6 shadows
  3 basilisks
  4 vampires
  45 yaks
  15 wyverns
  2 steam dragons
  3 hogs (Swamp:3)
  3 hungry ghosts
  10 vampire mosquitoes
  6 insubstantial wisps (Swamp:2)
  4 wargs
  21 swamp worms
  An acid dragon (D:11)
  41 nagas
  A soldier ant (D:12)
  20 water moccasins
  Duvessa (D:7)
  10 porcupines
  13 swamp drakes
  13 orc warriors
  4 ice beasts
  A black bear (D:7)
  7 sky beasts
  3 eyes of draining
  A necrophage (D:11)
  2 phantoms (D:9)
  3 ogres
  14 crocodiles
  10 centaurs
  2 big kobolds
  20 bullfrogs
  3 scorpions
  2 wyvern skeletons
  Dowan (D:7)
  5 wights (D:6)
  A howler monkey (D:7)
  2 electric eels (Lair:2)
  8 crimson imps
  2 quasits
  3 hounds
  6 orc priests
  A bullfrog zombie (D:5)
  7 jellies
  15 orc wizards
  Jessica (D:3)
  Ijyb (D:4)
  5 bullfrog skeletons
  3 iguanas
  9 worker ants
  2 bullfrog simulacra
  A hound zombie (D:11)
  2 howler monkey zombies
  2 worker ant zombies
  Robin (D:2)
  4 gnolls
  13 adders
  7 shadow imps
  8 oozes
  An adder skeleton (D:9)
  5 worms
  3 dart slugs
  8 leopard geckos
  74 orcs
  5 giant cockroaches
  6 hobgoblins
  7 jackals
  4 quokkas
  3 ball pythons
  9 bats
  10 frilled lizards
  14 goblins
  A jackal skeleton (D:7)
  17 kobolds
  A leopard gecko skeleton (D:4)
  A leopard gecko zombie (D:6)
  7 rats
  6 plants
997 creatures vanquished.

Vanquished Creatures (collateral kills)
  A blizzard demon (Gauntlet)
  4 naga warriors
  An anaconda (Snake:4)
  2 alligators (Swamp:1)
  A naga sharpshooter (Snake:4)
  A shock serpent (Snake:1)
  4 sea snakes (Snake:4)
  2 black mambas
  2 guardian serpents (Snake:4)
  3 naga magi
  2 slime creatures (Swamp:1)
  10 nagas
33 creatures vanquished.

Vanquished Creatures (others)
  A naga mage (Snake:2)
  A swamp drake (Swamp:1)
  A bullfrog zombie (D:7)
  An orc (D:15)
  A quokka (D:7)
  19 fungi
  36 plants
  A withered plant (D:15)
61 creatures vanquished.

Grand Total: 1091 creatures vanquished

Notes
Turn   | Place    | Note
-------+----------+-------------------------------------------
     0 | D:1      | Darkshadow the Minotaur Fighter began the quest for the
                  | Orb.
     0 | D:1      | Reached XP level 1. HP: 19/19 MP: 0/0
   124 | D:1      | Reached XP level 2. HP: 26/27 MP: 1/1
   589 | D:2      | Found a shadowy altar of Dithmenos.
   660 | D:1      | Reached skill level 4 in Fighting
   660 | D:1      | Reached XP level 3. HP: 13/33 MP: 2/2
  1255 | D:2      | Reached XP level 4. HP: 30/40 MP: 3/3
  1266 | D:2      | Noticed Robin
  1502 | D:2      | Killed Robin
  2054 | D:3      | Reached XP level 5. HP: 47/47 MP: 4/4
  2096 | D:3      | Found a shattered altar of Ashenzari.
  2311 | D:3      | Noticed Jessica
  2316 | D:3      | Killed Jessica
  2550 | D:3      | Found an ornate altar of the Wu Jian Council.
  2586 | D:3      | Found a stormy altar of Qazlal.
  2587 | D:3      | Found a snail-covered altar of Cheibriados.
  2590 | D:3      | Found a white marble altar of Elyvilon.
  2593 | D:3      | Found a hide-covered altar of Uskayaw.
  2861 | D:4      | Reached skill level 5 in Axes
  3036 | D:4      | Reached XP level 6. HP: 47/55 MP: 5/5
  3491 | D:4      | Noticed Ijyb
  3500 | D:4      | Killed Ijyb
  3566 | D:4      | Reached skill level 5 in Armour
  3690 | D:4      | Reached skill level 5 in Shields
  3724 | D:5      | Entered Level 5 of the Dungeon
  3732 | D:5      | Reached skill level 5 in Fighting
  3770 | D:5      | Noticed an ice beast
  3782 | D:5      | Killed an ice beast
  3795 | D:5      | Found a staircase to the Ecumenical Temple.
  3816 | Temple   | Entered the Ecumenical Temple
  3846 | Temple   | Became a worshipper of Trog the Wrathful
  3882 | D:5      | Reached XP level 7. HP: 60/61 MP: 6/6
  3979 | D:5      | Got a pair of faintly glowing boots
  4333 | D:4      | Reached * piety under Trog
  4782 | D:5      | Identified the +2 pair of boots of Gravitas {+Inv} (You
                  | found it on level 5 of the Dungeon)
  4926 | D:6      | Reached skill level 6 in Fighting
  4965 | D:6      | Reached XP level 8. HP: 68/70 MP: 7/7
  4976 | D:6      | Found a runed translucent door.
  4977 | D:6      | Noticed Crazy Yiuf
  5354 | D:6      | Noticed Grinder
  5362 | D:6      | Killed Grinder
  5830 | D:7      | Reached ** piety under Trog
  5863 | D:7      | Reached skill level 7 in Fighting
  6043 | D:7      | Noticed Pikel
  6056 | D:7      | Killed Pikel
  6056 | D:7      | Reached XP level 9. HP: 79/79 MP: 8/8
  6136 | D:7      | Noticed Dowan
  6149 | D:7      | Killed Dowan
  6250 | D:7      | Reached skill level 10 in Axes
  6358 | D:7      | Noticed Duvessa
  6371 | D:7      | Killed Duvessa
  6386 | D:7      | You fall into a shaft and drop 1 floor!
  6400 | D:8      | Reached skill level 8 in Fighting
  6550 | D:8      | Noticed a two-headed ogre
  6557 | D:8      | Killed a two-headed ogre
  6575 | D:8      | Noticed Psyche
  6589 | D:8      | Killed Psyche
  6589 | D:8      | Reached XP level 10. HP: 90/90 MP: 9/9
  6988 | D:8      | Noticed Joseph
  7002 | D:8      | Killed Joseph
  7060 | D:8      | Reached skill level 5 in Polearms
  7072 | D:8      | Reached skill level 9 in Fighting
  7564 | D:9      | Reached *** piety under Trog
  7599 | D:9      | Noticed a two-headed ogre
  7619 | D:9      | Killed a two-headed ogre
  7809 | D:9      | Found a staircase to the Lair.
  7918 | D:9      | Noticed a two-headed ogre
  7929 | D:9      | Killed a two-headed ogre
  8095 | D:9      | Found a glowing silver altar of Zin.
  8097 | D:9      | Noticed a two-headed ogre
  8106 | D:9      | Killed a two-headed ogre
  8106 | D:9      | Reached XP level 11. HP: 82/99 MP: 10/10
  8199 | D:9      | Reached skill level 10 in Fighting
  8199 | D:9      | Reached skill level 10 in Armour
  8452 | D:10     | Entered Level 10 of the Dungeon
  8560 | Lair:1   | Entered Level 1 of the Lair of Beasts
  8563 | Lair:1   | Reached skill level 10 in Shields
  8637 | Lair:1   | Got a shadowed robe
  8698 | Lair:1   | Found a runed translucent door.
  8737 | Lair:1   | Noticed lightray's ghost (journeyman TrMo)
  8883 | Lair:1   | Reached **** piety under Trog
  8984 | Lair:1   | Got a distressingly furry leather armour
  9390 | Lair:2   | Reached skill level 10 in Polearms
  9497 | Lair:2   | Noticed a death yak
  9499 | Lair:2   | Noticed a death yak
  9499 | Lair:2   | Noticed a death yak
  9499 | Lair:2   | Noticed a death yak
  9500 | Lair:2   | Noticed a death yak
  9535 | Lair:1   | Killed a death yak
  9628 | Lair:1   | Killed a death yak
  9628 | Lair:1   | Reached skill level 11 in Fighting
  9641 | Lair:1   | Killed a death yak
  9722 | Lair:2   | Reached XP level 12. HP: 107/110 MP: 11/11
  9733 | Lair:2   | Killed a death yak
  9740 | Lair:2   | Killed a death yak
 10163 | Lair:2   | Found a staircase to the Swamp.
 10247 | Lair:2   | You fall into a shaft and drop 1 floor!
 10416 | Lair:3   | Found a gate leading to a gauntlet.
 10438 | Gauntlet | Entered a Gauntlet
 10438 | Gauntlet | Found a transporter.
 10438 | Gauntlet | Found a transporter.
 10438 | Gauntlet | Found a transporter.
 10438 | Gauntlet | Found a transporter.
 10438 | Gauntlet | Noticed a blizzard demon
 10463 | Gauntlet | Found a transporter.
 10472 | Gauntlet | Noticed a dire elephant
 10477 | Gauntlet | Found a transporter.
 10497 | Gauntlet | Found a transporter.
 10497 | Gauntlet | Noticed a queen ant
 10503 | Gauntlet | Found a transporter.
 10511 | Gauntlet | Found a transporter.
 10533 | Gauntlet | Found a transporter.
 10533 | Gauntlet | Found a large runed translucent door.
 10534 | Gauntlet | Found a large runed translucent door.
 10535 | Gauntlet | Found a large runed translucent door.
 10535 | Gauntlet | Found a large runed translucent door.
 10536 | Gauntlet | Found a runed translucent gate.
 10537 | Gauntlet | Found a transporter.
 10537 | Gauntlet | Found a runed translucent gate.
 10537 | Gauntlet | Noticed a tengu warrior
 10538 | Gauntlet | Found a runed translucent gate.
 10539 | Gauntlet | Found a large runed translucent door.
 10539 | Gauntlet | Found a large runed translucent door.
 10540 | Gauntlet | Found a large runed translucent door.
 10541 | Gauntlet | Found a large runed translucent door.
 10551 | Gauntlet | Found a large runed translucent door.
 10551 | Gauntlet | Found a large runed translucent door.
 10551 | Gauntlet | Found a runed translucent door.
 10551 | Gauntlet | Found a runed translucent door.
 10552 | Gauntlet | Found a large runed translucent door.
 10553 | Gauntlet | Found a large runed translucent door.
 10555 | Gauntlet | Found a transporter.
 10623 | Gauntlet | Found a large runed translucent door.
 10624 | Gauntlet | Found a large runed translucent door.
 10625 | Gauntlet | Found a large runed translucent door.
 10625 | Gauntlet | Found a large runed translucent door.
 10867 | Gauntlet | Killed a blizzard demon
 10875 | Gauntlet | Got a distressingly furry hat
 10998 | Gauntlet | Identified the cursed +0 hat "Dirhoof" {*Slow +Fly rF+++
                  | Slay+4} (You found it in a Gauntlet)
 11024 | Gauntlet | Killed a dire elephant
 11107 | Gauntlet | Noticed a minotaur
 11131 | Gauntlet | Killed a minotaur
 11146 | Gauntlet | Identified the Collected Works on Conjuration and the Birds
 11228 | Lair:3   | Found a staircase to the Snake Pit.
 11542 | Lair:3   | Reached skill level 12 in Fighting
 12245 | Snake:1  | Entered Level 1 of the Snake Pit
 12277 | Lair:4   | Noticed a four-headed hydra
 12287 | Lair:3   | Killed a four-headed hydra
 12532 | Lair:4   | Noticed an eight-headed hydra
 12586 | Lair:4   | Killed an eight-headed hydra
 12586 | Lair:4   | Reached XP level 13. HP: 118/118 MP: 9/12
 13738 | Lair:5   | Found a staircase to the Slime Pits.
 13992 | Lair:6   | Entered Level 6 of the Lair of Beasts
 14084 | Lair:6   | Got a slimy iron ring
 14096 | Lair:6   | Identified the ring "Yhaiben" {*Tele *Corrode MR+ Stlth+}
                  | (You found it on level 6 of the Lair of Beasts)
 14612 | Lair:6   | Reached skill level 13 in Fighting
 14750 | Lair:6   | Got a jade-studded leather armour
 14777 | Lair:6   | Reached ***** piety under Trog
 15551 | D:10     | Found a staircase to the Orcish Mines.
 15915 | Orc:1    | Entered Level 1 of the Orcish Mines
 15928 | Orc:1    | Found Aorchazu's Alliterative Accessories.
 15961 | Orc:1    | Noticed an orc warlord
 16008 | D:10     | Killed an orc warlord
 16008 | D:10     | Reached skill level 15 in Polearms
 16017 | Orc:1    | Reached XP level 14. HP: 109/129 MP: 10/13
 16024 | Orc:1    | Received a gift from Trog
 16229 | Orc:2    | Entered Level 2 of the Orcish Mines
 16999 | D:11     | Reached skill level 1 in Evocations
 17322 | D:11     | Reached ****** piety under Trog
 17329 | D:11     | Received a gift from Trog
 17443 | D:11     | Found Esiofog's Magic Scroll Shoppe.
 17446 | D:11     | Bought a scroll of silence for 105 gold pieces
 17616 | D:12     | Noticed Erolcha
 17629 | D:12     | Killed Erolcha
 17642 | D:12     | Found a transporter.
 17644 | D:12     | Found a transporter.
 17645 | D:12     | Noticed Didditsa's ghost (journeyman DrIE)
 17785 | D:12     | Reached skill level 14 in Fighting
 17930 | D:12     | Got a bound jade ring
 18095 | D:12     | Got a smoking bronze amulet
 18096 | D:12     | Identified the amulet "Tul Guil" {Spirit rC+} (You found it
                  | on level 12 of the Dungeon)
 18098 | D:12     | Identified the ring of Nuh Xiag {Ice rPois rN+} (You found
                  | it on level 12 of the Dungeon)
 18242 | D:12     | Reached XP level 15. HP: 136/138 MP: 13/17
 18243 | D:12     | Reached skill level 5 in Evocations
 18243 | D:12     | Reached XP level 16. HP: 145/147 MP: 13/18
 18461 | D:13     | Reached skill level 15 in Shields
 18513 | D:13     | Received a gift from Trog
 18584 | D:13     | Got a bloodstained shortbow
 18603 | D:13     | Reached skill level 1 in Dodging
 18703 | D:13     | Found a gate to the Vaults.
 18730 | D:13     | Reached skill level 15 in Fighting
 19118 | D:13     | Found Wipruemyl's Gadget Shop.
 20369 | D:15     | Entered Level 15 of the Dungeon
 20435 | D:15     | Reached skill level 16 in Fighting
 20497 | D:15     | Received a gift from Trog
 20567 | D:15     | Found a staircase to the Depths.
 20582 | D:15     | Reached XP level 17. HP: 95/158 MP: 16/21
 20657 | D:15     | Reached skill level 5 in Dodging
 20751 | D:15     | Reached skill level 15 in Armour
 20887 | D:15     | Found Jutyanio's Book Shoppe.
 21937 | Lair:6   | Received a gift from Trog
 21970 | Lair:6   | Got a wavering lead ring
 22171 | Lair:6   | Identified the ring "Elohol" {Wiz rElec rN+ Str-5 Stlth+}
                  | (You found it on level 6 of the Lair of Beasts)
 22301 | Swamp:1  | Entered Level 1 of the Swamp
 22547 | Swamp:1  | Reached skill level 17 in Fighting
 23604 | Swamp:2  | Found a shimmering altar of Xom.
 23743 | Swamp:2  | Found a runed translucent door.
 23743 | Swamp:2  | Noticed Ukamis's ghost (journeyman DsVM)
 23879 | Swamp:2  | Got an ancient halberd
 23930 | Swamp:3  | Received a gift from Trog
 24393 | Swamp:3  | Got a fine dagger
 24795 | Swamp:4  | Entered Level 4 of the Swamp
 24827 | Swamp:3  | Reached skill level 18 in Fighting
 25063 | Swamp:4  | Received a gift from Trog
 25079 | Swamp:4  | Reached XP level 18. HP: 159/173 MP: 16/23
 25106 | Swamp:4  | Got a faintly glowing hand axe {god gift}
 25662 | Swamp:4  | Got a decaying rune of Zot
 25751 | Swamp:4  | Reached skill level 19 in Fighting
 26345 | Snake:1  | Noticed Aizul
 26380 | Snake:1  | Killed Aizul
 26940 | Snake:1  | Received a gift from Trog
 27953 | Snake:2  | Reached skill level 10 in Dodging
 28933 | Snake:3  | Identified the +9 hand axe of Pipsiask {flame, MR- Int+4}
                  | (Trog gifted it to you on level 4 of the Swamp)
 29030 | Snake:3  | Reached skill level 20 in Fighting
 29349 | Snake:4  | Entered Level 4 of the Snake Pit
 29533 | Snake:4  | Noticed Louise
 29635 | Snake:4  | Received a gift from Trog
 29696 | Snake:4  | Reached XP level 19. HP: 170/185 MP: 20/24
 30073 | Snake:4  | Found Naipea's Weapon Emporium.
 30079 | Snake:4  | Killed Louise
 30426 | Snake:4  | HP: 7/187 [nagaraja/lance of force (15)]
 30426 | Snake:4  | HP: 2/187 [naga collision (5)]
 30426 | Snake:4  | Slain by a naga

Levels and vault maps discovered:
D:1:      minmay_arrival_three_doors, layout_rooms, minivault_11
D:2:      minmay_chambers_of_twos, layout_rooms, overflow_temple_1_default,
          uniq_robin
D:3:      layout_loops_ring, cheibrodos_ashenzari_chains, minitemple,
          first_ration, uniq_jessica
D:4:      layout_basic, uniq_ijyb
D:5:      layout_cave_pods, minmay_temple_entry_grid
D:6:      layout_loops_ring, uniq_crazy_yiuf_cottage, uniq_grinder
D:7:      layout_gridville, uniq_pikel, uniq_duvessa
D:8:      layout_basic, uniq_psyche, uniq_joseph
D:9:      layout_long_grid, erik_lair_orcish_takeover, basic_altar
D:10:     layout_basic, orc_0_dummy
D:11:     layout_rooms, serial_shops, kennysheep_mini_moat,
          hangedman_little_slice_of_home
D:12:     layout_long_grid, gammafunk_ghost_hive, kennysheep_minor_cross,
          minmay_misc_feat_ornament, minmay_the_grid_2x2
          [minmay_the_grid_outer_circle, minmay_the_grid_x,
          minmay_the_grid_dragon_b, minmay_the_grid_prize_trominoes],
          uniq_erolcha
D:13:     layout_loops_ring, skrybe_vaults_entry_preservation, serial_shops,
          nicolae_shop_behind_doors, hangedman_corner_corridor
D:14:     layout_cave_pods
D:15:     gammafunk_depths_entry_grave, layout_cave_pods, serial_shops, shop,
          chequers_hall_statues_wall_a
Temple:   minmay_freezing_vapour_temple
Lair:1:   layout_misc_corridors, ebering_ghost_inner_flame
Lair:2:   layout_misc_corridors, minmay_swamp_entry_worms, serial_bayou_lake_a,
          lemuel_fruit_fields, grunt_megastairs_3, infiniplex_staircase_pool_2
Lair:3:   layout_long_grid, dummy_snake_entry, gauntlet_entry_generic,
          minivault_27, minmay_lair_oklob_chamber, serial_bayou_shore_b,
          grunt_megastairs_1, lemuel_fruit_tree
Lair:4:   layout_gridlike
Lair:5:   layout_loops_ring, dpeg_slime_entry_corner, grunt_megastairs_4
Lair:6:   hangedman_lair_tendril_chambers, layout_regular_city
Swamp:1:  layout_basic_swamp, serial_swamp_ruin, evilmike_swamp_ruin_house_5,
          evilmike_swamp_ruin_house_2, evilmike_swamp_ruin_house_4
Swamp:2:  layout_falls_marsh, ebering_ghost_reflecting_pool, basic_altar,
          swamp_pool1
Swamp:3:  layout_basic_swamp, evilmike_swamp_ruin_rubble_2, uniq_kirke
Swamp:4:  swamp_alternative, layout_basic_swamp, swamp_pool5
Snake:1:  layout_honeycomb, uniq_aizul
Snake:2:  hangedman_cross_stitches, layout_misc_corridors,
          nicolae_snake_squiggles
Snake:3:  layout_basic
Snake:4:  grunt_snake_rune_pools, layout_cave_town, serial_shops, shop,
          grunt_megastairs_2, uniq_louise
Orc:1:    layout_diamond_mine, serial_shops, nicolae_shop_trees,
          nicolae_alphabet_shops
Orc:2:    kennysheep_orc_mage_school, layout_diamond_mine

Skill      XL: |  1  2  3  4  5  6  7  8  9 10 11 12 13 14 15 16 17 18 19 |
---------------+----------------------------------------------------------+-----
Axes           | 3 4 5 6 7 9 10 | 10.2
Fighting       | 4 5 6 7 8 9 11 12 13 14 16 18 20 | 20.4
Armour         | 4 5 6 7 8 9 11 12 13 14 16 17 | 17.9
Shields        | 4 5 6 7 8 9 11 12 13 14 15 16 17 | 17.0
Polearms       | 4 8 10 13 15 | 15.1
Evocations     | 4 5 6 8 |  8.1
Dodging        | 4 8 10 | 10.0

Action                   |  1- 3 |  4- 6 |  7- 9 | 10-12 | 13-15 | 16-18 | 19-21 || total
-------------------------+-------+-------+-------+-------+-------+-------+-------++-------
Melee: War axe           |    78 |   163 |   210 |       |       |       |       ||   451
       Headbutt          |     8 |    35 |    43 |   160 |   174 |   578 |    44 ||  1042
       Demon trident     |       |       |    20 |   625 |   612 |  2441 |   264 ||  3962
       Trident           |       |       |       |       |   107 |       |       ||   107
 Fire: Hunting sling     |       |    12 |       |       |       |       |       ||    12
Throw: Stone             |       |       |       |     2 |       |       |       ||     2
       Javelin           |       |       |       |       |       |     4 |       ||     4
Invok: Berserk           |       |       |     4 |     9 |     1 |     3 |     1 ||    18
       Trog's Hand       |       |       |       |     6 |     3 |     5 |     3 ||    17
       Brothers in Arms  |       |       |       |     1 |       |     3 |     4 ||     8
 Abil: Evoke Invisibilit |       |       |       |     3 |       |       |       ||     3
       Evoke Flight      |       |       |       |       |       |     1 |       ||     1
  Use: Scroll            |       |     6 |     5 |     7 |     6 |     9 |     1 ||    34
       Potion            |       |       |       |       |     2 |     1 |     2 ||     5
 Stab: Invisible         |       |       |       |    11 |       |       |       ||    11
       Confused          |       |       |       |       |       |     1 |       ||     1
       Distracted        |       |       |       |       |       |       |     2 ||     2
  Eat: Chunk             |     1 |     8 |    12 |    26 |    18 |    35 |     3 ||   103
       Ration            |       |       |       |     2 |     1 |     4 |       ||     7
Armor: Scale mail        |    40 |    66 |    81 |    72 |       |       |       ||   259
       Plate armour      |       |       |       |   151 |   242 |   162 |       ||   555
       Crystal plate arm |       |       |       |       |       |   752 |   137 ||   889
Dodge: Dodged            |    28 |    42 |    68 |    77 |   107 |   456 |    48 ||   826
Block: Kite shield       |    57 |    84 |   133 |   253 |   285 |  1118 |   149 ||  2079

Table legend:
 A = Non-vault XP
 B = Vault XP
 C = Vault XP percentage of total XP
 D = Non-vault monster count
 E = Vault monster count
 F = Vault count percentage of total count
                 A         B        C        D         E       F
            +---------+---------+-------+---------+---------+-------
      Total |  204134 |  100843 |  33.1 |     778 |     248 |  24.2
            +---------+---------+-------+---------+---------+-------
        D:1 |      29 |       0 |   0.0 |      10 |       0 |   0.0
        D:2 |     107 |      59 |  35.5 |      23 |      19 |  45.2
        D:3 |      92 |      37 |  28.7 |      31 |       1 |   3.1
        D:4 |     121 |      36 |  22.9 |      14 |       1 |   6.7
        D:5 |     793 |       0 |   0.0 |      25 |       0 |   0.0
        D:6 |     606 |     258 |  29.9 |      16 |       1 |   5.9
        D:7 |    1165 |     881 |  43.1 |      25 |       3 |  10.7
        D:8 |    2386 |     819 |  25.6 |      20 |       2 |   9.1
        D:9 |    4034 |     549 |  12.0 |      31 |       7 |  18.4
       D:10 |    3595 |       0 |   0.0 |      26 |       0 |   0.0
       D:11 |    3937 |     432 |   9.9 |      40 |       9 |  18.4
       D:12 |    2581 |    6348 |  71.1 |      20 |      16 |  44.4
       D:13 |   12469 |    6231 |  33.3 |      35 |      15 |  30.0
       D:14 |   11302 |       0 |   0.0 |      26 |       0 |   0.0
       D:15 |   16123 |    4953 |  23.5 |      48 |       8 |  14.3
     Lair:1 |    7108 |     270 |   3.7 |      28 |       1 |   3.4
     Lair:2 |    4589 |     524 |  10.2 |      19 |       2 |   9.5
     Lair:3 |    2469 |    4723 |  65.7 |       7 |      16 |  69.6
     Lair:4 |    1816 |       0 |   0.0 |       6 |       0 |   0.0
     Lair:5 |    5487 |       0 |   0.0 |      17 |       0 |   0.0
     Lair:6 |   11997 |   10735 |  47.2 |      41 |      39 |  48.8
    Swamp:1 |   11946 |       0 |   0.0 |      32 |       0 |   0.0
    Swamp:2 |   14911 |       0 |   0.0 |      40 |       0 |   0.0
    Swamp:3 |   10560 |    1792 |  14.5 |      23 |       6 |  20.7
    Swamp:4 |   17100 |   16885 |  49.7 |      41 |      22 |  34.9
    Snake:1 |   17358 |    2323 |  11.8 |      35 |       4 |  10.3
    Snake:2 |   13970 |    5136 |  26.9 |      29 |       9 |  23.7
    Snake:3 |   12195 |       0 |   0.0 |      20 |       0 |   0.0
    Snake:4 |   10546 |   33299 |  75.9 |      21 |      62 |  74.7
      Orc:1 |    2301 |       0 |   0.0 |      26 |       0 |   0.0
      Orc:2 |     441 |       0 |   0.0 |       3 |       0 |   0.0
   Gauntlet |       0 |    4553 | 100.0 |       0 |       5 | 100.0
            +---------+---------+-------+---------+---------+-------
